 Dungeon Crawl Stone Soup version 0.18.1-48-g4cf74bf (webtiles) character file.

471 luca467 the Skirmisher (level 7, -2/50 HPs)
             Began as an Octopode Fighter on Sept 12, 2016.
             Blown up by Pikel (11 damage)
             ... with a wand of disintegration
             ... on level 5 of the Dungeon.
             The game lasted 00:17:01 (4683 turns).

luca467 the Skirmisher (Octopode Fighter)           Turns: 4683, Time: 00:17:02

Health: -2/50      AC:  1    Str: 16    XL:     7   Next: 9%
Magic:  7/7        EV: 11    Int: 10    God:
Gold:   318        SH:  9    Dex: 13    Spells: 0 memorised, 6 levels left

rFire  . . .     SeeInvis .     a - +0 long sword
rCold  + . .     Gourm    .     b - +0 shield
rNeg   . . .     Faith    .     (helmet restricted)
rPois  .         Spirit   .     (no amulet)
rElec  .         Dismiss  .     f - ring of protection from cold
rCorr  .         Reflect  .     (no ring)
SustAt .         Harm     .     (no ring)
MR     .....                    (no ring)
Stlth  ++........               (no ring)
                                (no ring)
                                (no ring)
                                (no ring)

@: not resistant to hostile enchantments, unstealthy
A: almost no armour, amphibious, 8 rings, constrict 8, camouflage 1, gelatinous
body 1
a: no special abilities


You were on level 5 of the Dungeon.
You were not hungry.

You visited 1 branch of the dungeon, and saw 5 of its levels.

You collected 318 gold pieces.

Inventory:

Hand Weapons
 a - a +0 long sword (weapon)
 q - a +2 dagger of speed
Armour
 b - a +0 shield (worn)
Jewellery
 e - an uncursed ring of magical power
 f - a ring of protection from cold (left tentacle)
Wands
 t - a wand of paralysis (18/24)
 w - a wand of enslavement (9/24)
Scrolls
 g - 4 scrolls of teleportation
 i - 2 scrolls of remove curse
 l - 3 scrolls of identify
 r - a scroll of magic mapping
 u - a scroll of blinking {unknown}
 v - 2 scrolls of fog
 y - a scroll of immolation {unknown}
Potions
 c - 3 potions of might
 h - a potion of haste {unknown}
 j - 3 potions of heal wounds {unknown}
 k - 3 potions of magic {unknown}
 n - a potion of invisibility {unknown}
 o - 4 potions of curing {unknown}
 p - a potion of ambrosia {unknown}
Comestibles
 d - 4 bread rations
 m - 2 royal jellies
 s - a slice of pizza
 x - 3 fruits


   Skills:
 * Level 5.3 Fighting
 * Level 5.1 Long Blades
 - Level 3.0 Dodging
 + Level 4.1 Shields


You had 6 spell levels left.
You didn't know any spells.

Dungeon Overview and Level Annotations

Branches:
Dungeon (5/15)
 Temple: D:4-7

Altars:
Gozag
Nemelex Xobeh
The Shining One

Annotations:
D:5 Pikel


Innate Abilities, Weirdness & Mutations

You cannot wear most types of armour.
You are amphibious.
You can wear up to eight rings at the same time.
You can use your tentacles to constrict eight enemies at once.
Your skin changes colour to match your surroundings (Stealth).
Your rubbery body absorbs attacks (AC +1).


Message History

You slash the adder! You grab the adder. You squeeze the adder.
You kill the adder!
Pikel zaps a wand.
You are blasted!
It is a wand of disintegration.
You hit Pikel. You grab Pikel. You squeeze Pikel.
Pikel is moderately wounded.
You constrict Pikel, but do no damage. Pikel closely misses you.
You hit Pikel but do no damage. You squeeze Pikel!
Pikel is heavily wounded.
You constrict Pikel.
Pikel zaps a wand.
You are blasted!
* * * LOW HITPOINT WARNING * * *
You are too injured to fight recklessly!
You hit Pikel. You squeeze Pikel.
Pikel is almost dead.
You constrict Pikel, but do no damage.
Pikel zaps a wand.
You are blasted!
* * * LOW HITPOINT WARNING * * *
You block Pikel's attack.
You hit Pikel. Your squeeze misses Pikel.
Pikel is almost dead.
You constrict Pikel.
Pikel zaps a wand.
You are blasted!
You die...

#.# #...#
#..)..# #.#
###.# ##...###
#.#
#.##......#
#..
#.##.##.#...
##.##
#....##.###.#
#..#####..###.
...
##........# #.
...
#.....###.# #.
#.# #....###@#
.# #. .# #...#
#K# .. #...
#p# #.. #...
#p# ## #.. #p#
#.. #p# #.#
... ...


You could see Pikel and 4 slaves.

Vanquished Creatures
  Eustachio (D:5)
  A scorpion (D:4)
  Terence (D:2)
  An orc wizard (D:5)
  A worker ant (D:5)
  9 adders
  4 gnolls (D:4)
  3 worms (D:2)
  2 dart slugs
  A giant gecko (D:2)
  15 orcs
  7 giant cockroaches
  6 goblins
  5 hobgoblins
  4 jackals
  7 bats
  A giant gecko skeleton (D:4)
  4 giant newts
  A jackal zombie (D:5)
  3 kobolds
  8 rats
85 creatures vanquished.

Notes
Turn   | Place    | Note
--------------------------------------------------------------
     0 | D:1      | luca467 the Octopode Fighter began the quest for the Orb.
     0 | D:1      | Reached XP level 1. HP: 16/16 MP: 1/1
   124 | D:1      | Reached XP level 2. HP: 21/21 MP: 2/2
   689 | D:2      | Reached XP level 3. HP: 16/26 MP: 3/3
   813 | D:3      | Noticed Terence
  1137 | D:2      | Found a glowing golden altar of the Shining One.
  1524 | D:2      | Reached XP level 4. HP: 32/33 MP: 4/4
  2403 | D:2      | Killed Terence
  2403 | D:2      | Reached XP level 5. HP: 14/37 MP: 5/5
  2720 | D:3      | Found a sparkling altar of Nemelex Xobeh.
  2721 | D:3      | Found an opulent altar of Gozag.
  3052 | D:3      | Found a glowing golden altar of the Shining One.
  3269 | D:5      | Entered Level 5 of the Dungeon
  3533 | D:4      | Noticed a phantom
  3637 | D:3      | Reached XP level 6. HP: 32/44 MP: 6/6
  4417 | D:5      | Noticed Eustachio
  4435 | D:5      | Killed Eustachio
  4435 | D:5      | Reached skill level 5 in Fighting
  4435 | D:5      | Reached skill level 5 in Long Blades
  4435 | D:5      | Reached XP level 7. HP: 22/50 MP: 7/7
  4668 | D:5      | Noticed Pikel
  4683 | D:5      | Blown up by Pikel

Skill      XL: |  1  2  3  4  5  6 |
---------------+-------------------+-----
Long Blades    | 3 4 5 |  5.1
Fighting       | 4 5 |  5.3
Shields        | 4 |  4.1
Dodging        | |  3.0

Action                   |  1- 3 |  4- 6 |  7- 9 || total
-------------------------+-------+-------+-------++-------
Melee: Long sword        |    53 |   124 |    15 ||   192
       Constrict         |    20 |    31 |     6 ||    57
       Tentacles         |    12 |    26 |     5 ||    43
  Use: Scroll            |     3 |     2 |       ||     5
 Stab: Sleeping          |     7 |     6 |       ||    13
  Eat: Chunk             |     2 |     9 |     1 ||    12
Armor: Skin              |     4 |     6 |       ||    10
Dodge: Dodged            |    12 |    57 |     5 ||    74
Block: Shield            |    15 |    49 |     4 ||    68
